cohdb
Replays
Latest Replays
All Replays
Popular Replays
Top Player Replays
Match Explorer
How It Works
Community
CoH3 Stats
Reddit
Sign in to upload your games and track your stats! →
Sign in with Steam
Match 23699230
Unlisted
Match 23699230
Overview
Messages
Build Orders
End
Construct Infanterie Kompanie
Kettenkrad Recon Vehicle
MG 42 Machine Gun Team
MG 42 Machine Gun Team
Selects Mechanized Battlegroup
Grenadier Squad
GrW 34 Mortar Team
Construct Panzergrenadier Kompanie
Medical Station
Panzergrenadier Squad
251 Medium Carrier
251 Medium Carrier
Selects Mobile Repair Stations
Panzergrenadier Squad
Panzergrenadier Squad
Selects Raid Package
251 Medium Carrier
Construct Panzer Kompanie
Stoßtruppen Squad
Pak 40 Anti-tank Gun Team
Selects 8 Rad Armored Car
Selects UNKNOWN (2160084)
Selects Stoßtruppen Assault Package
Selects Zeroing Artillery Barrage
Zeroing Artillery Barrage
Panther Heavy Tank
UH|ck
iceman
blur
Heliski
0
0
Comments
sign in to comment!
No comments posted yet!